 Dungeon Crawl Stone Soup version 0.29.1-13-g9f3cf754e1 (webtiles) character file.

Game seed: 15966017318725011861

203 raph the Chopper (level 5, -6/45 HPs)
             Began as a Hill Orc Fighter on Jan 28, 2023.
             Was an Initiate of Makhleb.
             Killed from afar by a steam dragon (17 damage)
             ... with a ball of steam
             ... on level 5 of the Dungeon.
             The game lasted 00:05:42 (4177 turns).

raph the Chopper (Hill Orc Fighter)                 Turns: 4177, Time: 00:05:43

Health: -6/45      AC:  9    Str: 19    XL:     5   Next: 81%
Magic:  5/5        EV:  9    Int:  8    God:    Makhleb [......]
Gold:   231        SH:  4    Dex: 12    Spells: 4/4 levels left

rFire   . . .      SeeInvis .   r - +3 broad axe (flame)
rCold   . . .      Faith    .   c - +0 buckler
rNeg    . . .      Spirit   .   b - +0 scale mail
rPois   .          Reflect  .   s - +0 helmet
rElec   .          Harm     .   (no cloak)
rCorr   .          Rampage  .   t - +0 pair of gloves
Will    .....                   (no boots)
Stlth   ..........              g - amulet of the acrobat
HPRegen 0.15/turn               (no ring)
MPRegen 0.09/turn               (no ring)

@: no status effects
A: no striking features
a: Renounce Religion


You were on level 5 of the Dungeon.
You worshipped Makhleb.
Makhleb was noncommittal.
You visited 2 branches of the dungeon, and saw 6 of its levels.

You collected 231 gold pieces.

Inventory:

Hand Weapons
 a - a +0 war axe
 r - a +3 broad axe of flaming (weapon)
Armour
 b - a +0 scale mail (worn)
 c - a +0 buckler (worn)
 o - a +0 pair of gloves
 s - a +0 helmet (worn)
 t - a +0 pair of gloves (worn)
Jewellery
 g - an amulet of the acrobat (around neck)
 k - a ring of willpower
 u - a +6 ring of strength
Wands
 q - a wand of roots (22)
 z - a wand of polymorph (12)
Scrolls
 e - a scroll of teleportation
 i - a scroll of fear
 v - a scroll of summoning
 x - a scroll of butterflies
Potions
 d - 3 potions of might
 f - a potion of haste
 h - a potion of degeneration
 j - a potion of lignification
 l - 5 potions of curing
 m - a potion of resistance
 n - a potion of invisibility
 p - 2 potions of mutation
 A - a potion of brilliance


   Skills:
 - Level 3.6 Fighting
 + Level 7.7 Axes
 - Level 3.2 Armour
 - Level 3.2 Shields


You had 4 spell levels left.
You didn't know any spells.
Your spell library contained the following spells:

 Spells                   Type           Power      Damage    Failure   Level
 Beastly Appendage        Tmut           0%         N/A       86%         1
 Static Discharge         Conj/Air       0%         3-3/arc   95%         2
 Wereblood                Tmut           0%         N/A       95%         2
 Call Canine Familiar     Summ           0%         N/A       99%         3
 Portal Projectile        Hex/Tloc       0%         N/A       99%         3
 Spider Form              Tmut/Pois      0%         N/A       99%         3
 Animate Armour           Summ/Erth      0%         N/A       100%        4
 Dispel Undead            Necr           0%         3d6       100%        4
 Leda's Liquefaction      Hex/Erth       0%         N/A       100%        4
 Sticky Flame             Conj/Fire      0%         2d3       100%        4
 Blade Hands              Tmut           0%         N/A       100%        5
 Iron Shot                Conj/Erth      0%         9d1       100%        6


Dungeon Overview and Level Annotations

Branches:
Dungeon (5/15)             Temple (1/1) D:4

Altars:
Ashenzari
Dithmenos
Elyvilon
Hepliaklqana
Kikubaaqudgha
Makhleb
Qazlal
Sif Muna
Trog
Uskayaw
Vehumet
Wu Jian
Xom
Yredelemnul
Zin

Shops:
D:3 (=


Message History

You pick up a book of Changes and begin reading...
You add the spells Beastly Appendage, Wereblood and Spider Form to your library.
Done exploring.
Done exploring.
No target in view!
Done exploring.
There is a stone staircase leading down here.
You climb downwards.
The steam dragon hisses angrily.
Found a scroll of teleportation.
There is a stone staircase leading up here.
The steam dragon breathes steam at you. The ball of steam hits you!
You are engulfed in a cloud of scalding steam.
The steam dragon closely misses you. The steam dragon barely misses you.
You barely miss the steam dragon.
You are engulfed in a cloud of scalding steam.
You block the steam dragon's attack. The steam dragon claws you.
You hit the steam dragon. You burn the steam dragon.
The steam dragon is lightly wounded.
You are engulfed in a cloud of scalding steam.
The steam dragon barely misses you. x2
The steam dragon closely misses you. The steam dragon misses you.
You slash the steam dragon! You burn the steam dragon.
The steam dragon is severely wounded.
The steam dragon breathes steam at you. The ball of steam hits you!
* * * LOW HITPOINT WARNING * * *
The steam dragon closely misses you.
The steam dragon claws you but does no damage.
You closely miss the steam dragon.
The steam dragon is severely wounded.
You block the steam dragon's attack. The steam dragon barely misses you. x2
You block the steam dragon's attack. The steam dragon misses you. x2
You closely miss the steam dragon.
The steam dragon is severely wounded.
The steam dragon breathes steam at you. The ball of steam hits you!
You die...

.# .. # #.
######.#.
#..##..?....#
#...<.......#
####.###.#####.#
...............#
.....###..######
.......@D.#
#+##......#
######......#
########


You could see a steam dragon (catching breath).

Vanquished Creatures
  Jessica (D:3)
  3 adders
  3 gnolls (D:2)
  A worm (D:4)
  6 dart slugs
  3 orcs (D:3)
  6 ball pythons
  10 endoplasms
  4 giant cockroaches
  13 goblins
  13 hobgoblins
  4 jackals (D:4)
  7 kobolds
  6 quokkas
  3 bats
  3 frilled lizards (D:1)
  7 rats
93 creatures vanquished.

Notes
Turn   | Place    | Note
-------+----------+-------------------------------------------
     0 | D:1      | raph the Hill Orc Fighter began the quest for the Orb.
     0 | D:1      | Reached XP level 1. HP: 19/19 MP: 1/1
    28 | D:1      | Reached skill level 3 in Axes
   203 | D:1      | Reached XP level 2. HP: 26/26 MP: 2/2
   284 | D:1      | Reached skill level 4 in Axes
   420 | D:1      | Reached XP level 3. HP: 26/31 MP: 3/3
   932 | D:2      | Reached skill level 5 in Axes
  1447 | D:2      | Reached XP level 4. HP: 39/39 MP: 4/4
  1910 | D:2      | Reached skill level 6 in Axes
  2056 | D:2      | Found a faded altar of an unknown god.
  2059 | D:2      | Noticed a great orb of eyes
  2064 | D:2      | Noticed a floating eye
  2067 | D:2      | Noticed a great orb of eyes
  2067 | D:2      | Noticed a golden eye
  2470 | D:3      | Reached XP level 5. HP: 45/45 MP: 5/5
  2844 | D:3      | Found Zotuh's Jewellery Shop.
  2915 | D:3      | Noticed Jessica
  2917 | D:3      | Killed Jessica
  2918 | D:3      | Reached skill level 7 in Axes
  3107 | D:3      | Found Sixzo's Antique Weapon Shoppe.
  3387 | D:4      | Found an ancient bone altar of Kikubaaqudgha.
  3387 | D:4      | Found a basalt altar of Yredelemnul.
  3389 | D:4      | Found a shadowy altar of Dithmenos.
  3777 | D:4      | Identified a scroll of acquirement
  3777 | D:4      | Acquired a +3 broad axe of flaming
  3822 | D:4      | Found a staircase to the Ecumenical Temple.
  3875 | Temple   | Entered the Ecumenical Temple
  3884 | Temple   | Became a worshipper of Makhleb the Destroyer
  4166 | D:5      | Entered Level 5 of the Dungeon
  4166 | D:5      | Noticed a steam dragon
  4177 | D:5      | Killed from afar by a steam dragon

Illustrated notes

Levels and vault maps discovered:
D:1:      minmay_arrival_four_loops, layout_loops_ring, grunt_decor_arrowhead,
          st_stairs_10
D:2:      layout_loops_corners, hellmonk_ecumenical_altar_watching_god,
          kennysheep_minor_cross
D:3:      layout_loops_ring, serial_shops, nicolae_shop_stone,
          nicolae_shop_behind_doors, serial_park_tiny_2,
          minmay_randomly_rotated_circles, uniq_jessica
D:4:      layout_basic, grunt_temple_overflow_open,
          minmay_temple_entry_crystal_x
D:5:      layout_basic, kennysheep_small_square, uniq_blork_the_orc,
          uniq_grinder
Temple:   nicolae_temple_no_exploring_needed

Skill      XL: |  1  2  3  4  5 |
---------------+----------------+-----
Axes           | 3 4 5 6 7 |  7.7
Fighting       | |  3.6
Armour         | |  3.2
Shields        | |  3.2

Action                   |  1- 3 |  4- 6 || total
-------------------------+-------+-------++-------
Melee: War axe           |    90 |   138 ||   228
       Broad axe         |       |    10 ||    10
  Use: Scroll            |       |    18 ||    18
Armor: Scale mail        |    26 |    48 ||    74
Dodge: Dodged            |    34 |    67 ||   101
Block: Buckler           |    17 |    31 ||    48
